 Dungeon Crawl Stone Soup version 0.19-a0-1933-g052ff51 (webtiles) character file.

58 Jorund the Charmwright (level 3, -4/27 HPs)
             Began as a Demonspawn Skald on Oct 26, 2016.
             Slain by a worm (7 damage)
             ... on level 2 of the Dungeon.
             The game lasted 00:02:49 (1923 turns).

Jorund the Charmwright (Demonspawn Skald)           Turns: 1923, Time: 00:02:49

Health: -4/27      AC:  3    Str: 12    XL:     3   Next: 75%
Magic:  6/6        EV: 10    Int: 14    God:
Gold:   71         SH:  0    Dex: 12    Spells: 1 memorised, 5 levels left

rFire  . . .     SeeInvis .     a - +0 hand axe
rCold  . . .     Gourm    .     b - +0 leather armour
rNeg   . . .     Faith    .     (no shield)
rPois  .         Spirit   .     (no helmet)
rElec  .         Reflect  .     (no cloak)
rCorr  .         Harm     .     (no gloves)
MR     .....                    (no boots)
Stlth  +.........               (no amulet)
                                (no ring)
                                (no ring)

@: drained
A: claws 1
a: no special abilities


You were on level 2 of the Dungeon.
You were hungry.

You visited 1 branch of the dungeon, and saw 2 of its levels.

You collected 71 gold pieces.

Inventory:

Hand Weapons
 a - a +0 hand axe (weapon)
Missiles
 p - 3 tomahawks (quivered)
Armour
 b - a +0 leather armour (worn)
 e - a +0 ring mail
Scrolls
 g - 2 scrolls of immolation {unknown}
 i - a scroll of recharging {unknown}
 k - 3 scrolls of identify
 l - a scroll of blinking {unknown}
 m - 2 scrolls of magic mapping {unknown}
 o - 2 scrolls of remove curse {unknown}
 q - a scroll of teleportation {unknown}
 s - 2 scrolls of enchant weapon {unknown}
Potions
 h - a potion of agility {unknown}
 n - a potion of might
 v - a potion of resistance {unknown}
Books
 c - a book of Battle

   Spells                             Type                      Level
   a - Infusion                       Charms                       1
   b - Shroud of Golubria             Charms/Translocation         2
   c - Song of Slaying                Charms                       2
   d - Spectral Weapon                Hexes/Charms                 3
   e - Regeneration                   Charms/Necromancy            3
Comestibles
 d - a bread ration
 f - 2 fruits
 j - 2 chunks of flesh
 r - a meat ration
 t - a beef jerky


   Skills:
 - Level 2.0(1.0) Fighting
 * Level 3.0(1.9) Axes
 - Level 0.8(0.0) Armour
 - Level 0.8(0.0) Dodging
 + Level 2.1(1.1) Spellcasting
 + Level 3.4(2.4) Charms


You had 5 spell levels left.
You knew the following spells:

 Your Spells              Type           Power        Failure   Level  Hunger
a - Infusion              Chrm           #...         14%         1    ##.....


Dungeon Overview and Level Annotations

Branches:
Dungeon (2/15)

Altars:
Sif Muna
Trog


Innate Abilities, Weirdness & Mutations

You have sharp fingernails.


Message History

You hit the worm but do no damage.
The worm is heavily wounded.
The worm bites you!
* * * LOW HITPOINT WARNING * * *
You barely miss the worm.
The worm is heavily wounded.
You are feeling hungry.
You barely miss the worm.
The worm is heavily wounded.
The worm barely misses you.
You barely miss the worm.
The worm is heavily wounded.
The worm bites you.
* * * LOW HITPOINT WARNING * * *
You hit the worm.
The worm is severely wounded.
You barely miss the worm.
The worm is severely wounded.
The worm bites you!
You die...

..# ##.....###.##### ..##
###...####(# # #..# #.##.##....#
## ##.# #....#...### ##. #.###
#...##.^.# #.. #...####
##>.##...# #..
###....#####..#....###########..
####....##....###.............
####.##...@....##########..
#####.......w###### ##.
####.....#..#..(# #..
.....######...(### #.. #######
##.....## #####.. ......##
#.>.....### ##...... #####..##
#..##.#...# ##..#....
##..###..##..##.#####..##.##.
##...........#...##...(..###


You could see a worm.

Vanquished Creatures
  An adder (D:2)
  A worm (D:2)
  A dart slug (D:2)
  6 goblins
  6 hobgoblins
  4 kobolds
  A quokka (D:2)
  11 bats
  2 frilled lizards (D:2)
  9 rats
42 creatures vanquished.

Notes
Turn   | Place    | Note
-------+----------+-------------------------------------------
     0 | D:1      | Jorund the Demonspawn Skald began the quest for the Orb.
     0 | D:1      | Reached XP level 1. HP: 16/16 MP: 3/3
   302 | D:1      | Gained mutation: You have sharp fingernails. [demonic ancestry]
   302 | D:1      | Reached XP level 2. HP: 21/22 MP: 5/5
  1415 | D:2      | Reached XP level 3. HP: 21/27 MP: 6/6
  1627 | D:2      | Found a deep blue altar of Sif Muna.
  1798 | D:2      | Found a bloodstained altar of Trog.
  1863 | D:2      | HP: 1/27 [adder (3)]
  1923 | D:2      | Slain by a worm

Vault maps used:
D:1:      kennysheep_arrival_seaside, minmay_pentomino_v4
D:2:      lemuel_round_altar, marbit_many_paths, hex_medium

Skill      XL: |  1  2  3 |
---------------+----------+-----
Axes           | 2 3 |  3.0
Charms         | 3 |  3.4
Fighting       | |  2.0
Armour         | |  0.8
Dodging        | |  0.8
Spellcasting   | |  2.1

Action                   || total
-------------------------++-------
Melee: Hand axe          ||   167
Throw: Tomahawk          ||     3
 Cast: Infusion          ||     1
  Use: Scroll            ||     2
       Potion            ||     2
  Eat: Chunk             ||     3
Armor: Leather armour    ||    64
Dodge: Dodged            ||   119
